 Dungeon Crawl Stone Soup version 0.21-a0-437-ge5bf024 (webtiles) character file.

20876 theanonym the Carver (level 12, -5/113 HPs)
             Began as a Minotaur Monk on Nov 9, 2017.
             Was a High Priest of Zin.
             Killed by divine providence
             ... invoked by an orc priest
             ... summoned by an orange crystal statue
              (13 damage)
             ... on level 1 of the Orcish Mines.
             The game lasted 00:37:10 (16154 turns).

theanonym the Carver (Minotaur Monk)               Turns: 16154, Time: 00:37:10

Health: -5/113     AC: 18    Str: 27    XL:     12   Next: 49%
Magic:  1/17       EV: 13    Int: -14 (7) God:    Zin [*****.]
Gold:   767        SH:  0    Dex: 12    Spells: 11/11 levels left

rFire    . . .     SeeInvis .   a - +4 long sword (freeze)
rCold    . . .     Gourm    .   o - +0 shield
rNeg     . . .     Faith    .   d - +0 plate armour (curse)
rPois    +         Spirit   .   (helmet restricted)
rElec    .         Reflect  .   (no cloak)
rCorr    .         Harm     .   I - +1 pair of gloves {archery}
MR       .....                  G - +2 pair of boots {Stlth+}
Stlth    ..........             (no amulet)
HPRegen  0.28/turn              m - ring of poison resistance {rPois}
MPRegen  0.15/turn              p - +4 ring of evasion

@: confused, mighty, berserk cooldown, slowed, lost intelligence, drained, very
slow
A: retaliatory headbutt, horns 2
a: Recite, Vitalisation, Imprison, Sanctuary, Donate Gold, Renounce Religion


Innate Abilities, Weirdness & Mutations

You reflexively headbutt those who attack you in melee.
You have a pair of horns on your head.


   Skills:
 + Level 12.6(12.5) Fighting
 - Level 14.0(13.9) Long Blades
 + Level 7.0(6.9) Armour
 + Level 7.4 Dodging
 - Level 1.5 Stealth
 + Level 8.8 Shields
 * Level 8.4 Invocations


You had 11 spell levels left.
You didn't know any spells.

Skill      XL: |  1  2  3  4  5  6  7  8  9 10 11 12 |
---------------+-------------------------------------+-----
Long Blades    | 4 5 6 7 8 9 11 13 14 | 14.0
Fighting       | 4 5 6 7 8 10 11 12 | 12.6
Shields        | 4 6 8 |  8.8
Invocations    | 4 7 8 |  8.4
Armour         | 3 5 7 |  7.0
Dodging        | 4 6 7 |  7.4
Stealth        | |  1.5

Action                   |  1- 3 |  4- 6 |  7- 9 | 10-12 || total
-------------------------+-------+-------+-------+-------++-------
Melee: Falchion          |    65 |   183 |   321 |       ||   569
       Headbutt          |    11 |    35 |    90 |   146 ||   282
       Long sword        |       |       |    41 |   592 ||   633
Invok: Vitalisation      |       |       |       |     7 ||     7
Evoke: Wand              |       |     4 |    12 |     1 ||    17
  Use: Scroll            |       |     9 |     8 |     8 ||    25
       Potion            |       |     1 |     3 |    14 ||    18
 Stab: Confused          |       |       |       |     1 ||     1
  Eat: Chunk             |     1 |    10 |     4 |     8 ||    23
       Meat ration       |       |       |     3 |     2 ||     5
       Fruit             |       |       |     1 |     2 ||     3
Armor: Chain mail        |    34 |   102 |   111 |    59 ||   306
       Robe              |     1 |       |       |       ||     1
       Plate armour      |       |       |       |   148 ||   148
Dodge: Dodged            |    31 |    83 |   142 |   182 ||   438
Block: Buckler           |       |       |    56 |     4 ||    60
       Shield            |       |       |       |   226 ||   226
       Rpst.: Falchion   |     8 |    18 |    40 |       ||    66
       Long sword        |       |       |     2 |    53 ||    55

Inventory:

Hand Weapons
 a - a +4 long sword of freezing (weapon)
   (You took it off a wight on level 9 of the Dungeon)
 i - a +0 blowgun
   (You took it off a kobold on level 3 of the Dungeon)
Missiles
 K - 2 throwing nets (quivered)
Armour
 d - a cursed +0 plate armour (worn)
   (You took it off an orc warrior on level 9 of the Dungeon)
 o - a +0 shield (worn)
   (You found it on level 7 of the Dungeon)
 D - the +4 steam dragon scales of the Lonely Eyes {rElec Int+3 Dex+2}
   (You found it in a bailey)

   It affects your intelligence (+3).
   It affects your dexterity (+2).
   It insulates you from electricity.
 G - a +2 pair of boots of stealth (worn)
   (You found it in a bailey)
 I - a +1 pair of gloves of archery (worn)
   (You found it on level 9 of the Dungeon)
Jewellery
 m - a ring of poison resistance (left hand) {rPois}
   (You found it on level 2 of the Dungeon)
 p - a +4 ring of evasion (right hand)
   (You found it on level 10 of the Dungeon)
 A - an uncursed ring of fire {rF+, rC-}
   (You found it on level 4 of the Dungeon)
 E - an uncursed ring of protection from cold {rC+}
   (You found it on level 10 of the Dungeon)
Wands
 u - a wand of confusion (21/48)
   (You found it on level 11 of the Dungeon)
 w - a wand of scattershot (0/9)
   (You found it on level 4 of the Dungeon)
 y - a wand of confusion (3/48)
   (You found it on level 5 of the Dungeon)
 J - a wand of confusion (35/48)
   (You found it on level 11 of the Dungeon)
Scrolls
 e - 11 scrolls of remove curse
 f - a scroll of fog {!r}
 l - 2 scrolls of immolation
 n - a scroll of fear {!r}
 t - 7 scrolls of teleportation {!r}
 v - 3 scrolls of recharging
 B - a scroll of brand weapon
 C - 3 scrolls of enchant armour
Potions
 F - 3 potions of flight
Books
 x - a book of Misfortune
   (You found it in a bailey)

   Spells                             Type                      Level
   a - Confusing Touch                Hexes                        1
   b - Confuse                        Hexes                        3
   c - Gell's Gravitas                Translocation                3
   d - Petrify                        Transmutation/Earth          4
   e - Metabolic Englaciation         Hexes/Ice                    5
   f - Yara's Violent Unravelling     Hexes/Transmutation          5
Comestibles
 c - 8 bread rations
 g - 2 meat rations
 z - 7 royal jellies

Dungeon Overview and Level Annotations

Branches:
Dungeon (11/15)            Temple (1/1) D:4            Lair (0/6) D:11
    Orc (1/2) D:11

Altars:
Ashenzari
Cheibriados
Dithmenos
Elyvilon
Fedhas
Gozag
Hepliaklqana
Kikubaaqudgha
Makhleb
Nemelex Xobeh
Okawaru
Qazlal
Ru
Sif Muna
Trog
Uskayaw
Vehumet
Wu Jian
Xom
Yredelemnul
Zin
The Shining One
Jiyva

Shops:
D:5 ?   D:6 :   D:11 [

Annotations:
Orc:1 1 runed door, exclusion: 3 orange crystal statues


You were on level 1 of the Orcish Mines.
You worshipped Zin.
Zin was extremely pleased with you.
You were not hungry.

You visited 3 branches of the dungeon, and saw 13 of its levels.
You also visited: Sewer and Bailey.

You collected 956 gold pieces.
You spent 104 gold pieces at shops.
You donated 85 gold pieces to Zin.


Message History

* * * LOW HITPOINT WARNING * * *
You take 6 damage, and have 13/113 hp.
You don't have enough magic at the moment.
Really read
n - a scroll of fear {!r}?
You almost manage to decipher the scroll, but fail in this attempt.
You block the warg's attack. You block the orc warrior's attack.
You block the gnoll's attack.
The orc warrior hits you but does no damage.
The orc warrior hits you with a scimitar of holy wrath.
* * * LOW HITPOINT WARNING * * *
The warg closely misses you.
You riposte.
You slice the warg!! You freeze the warg.
You kill the warg!
The warg's corpse dissolves into shadows!
You block the orc warrior's attack.
The orange crystal statue fixes its piercing gaze on you.
You take 2 damage, and have 11/113 hp.
Really read
f - a scroll of fog {!r}?
Okay, then.
Okay, then.
You feel much better. The gnoll hits you but does no damage.
You block the orc warrior's attack. x2
The orange crystal statue fixes its piercing gaze on you.
You block the orc warrior's attack.
The gnoll hits you but does no damage. x2
You regained 21 hp, and now have 32/113 hp.
You feel better.
The orc wizard mumbles some strange words.
The orc wizard blinks!
The orc warrior hits you but does no damage.
The orc warrior hits you with a short sword of venom!
* * * LOW HITPOINT WARNING * * *
You block the orc warrior's attack.
The orc priest calls down the wrath of Beogh upon you.
Beogh smites you!
* * * LOW HITPOINT WARNING * * *
The orc wizard gestures wildly while chanting.
The orc wizard blinks!
You block the gnoll's attack. The gnoll hits you but does no damage.
The orc warrior hits you but does no damage. x2
The orange crystal statue fixes its piercing gaze on you.
You feel your power leaking away.
* * * LOW MAGIC WARNING * * *
The orange crystal statue glitters.
You are confused.
The orange crystal statue fixes its piercing gaze on you.
You take 18 damage, and have 14/113 hp.
You're too confused!
Okay, then.
Unknown command.
The gnoll misses you. The orc warrior barely misses you.
The gnoll barely misses you.
The orange crystal statue fixes its piercing gaze on you.
You feel dopey. Something feeds on your intellect! The orc warrior misses you.
The orc warrior closely misses you. The gnoll hits you but does no damage.
The orc warrior closely misses you.
You're too confused!
Unknown command.
You're too confused!
Unknown command.
You slash the orc warrior! You freeze the orc warrior.
You headbutt the orc warrior! The gnoll barely misses you.
The orc warrior closely misses you.
The orange crystal statue fixes its piercing gaze on you.
Something tries to feed on your intellect!
The gnoll hits you but does no damage.
The orc warrior hits you with a war axe!
* * * LOW HITPOINT WARNING * * *
You take 8 damage, and have 7/113 hp.
You miss the orc warrior. The orc warrior barely misses you.
The orc priest miscasts a cantrip.
The gnoll closely misses you.
The orc warrior hits you but does no damage.
The gnoll hits you but does no damage.
The orc wizard gestures wildly while chanting.
The orc wizard blinks!
The orc warrior completely misses you.
You barely miss the orc warrior.
The orc warrior hits you with a scimitar of holy wrath!
Zin protects you from harm!
The orc warrior hits you but does no damage.
The orange crystal statue glitters.
You are more confused.
The gnoll barely misses you. The gnoll hits you but does no damage.
You bump into the stone wall.
The orc warrior barely misses you.
The orc warrior hits you but does no damage.
The orc warrior barely misses you. The gnoll misses you.
The gnoll hits you but does no damage.
The orc warrior hits you but does no damage.
The orc warrior barely misses you.
The orange crystal statue glitters.
You are more confused.
You bump into the stone wall.
The gnoll misses you.
The orc warrior hits you with a scimitar of holy wrath!
Zin protects you from harm! The gnoll closely misses you.
The orc warrior hits you but does no damage. x2
The gnoll hits you but does no damage.
The orc priest invokes the aid of Beogh against you.
Beogh smites you!
You die...

##......................
#...#########...........
##..#8.....8#....##.....
#...#.#$..#.#.....##....
##..#..o.o..#......#....
##.+.o.ooo.'.....))....
#.#.ggo.o.#...........
#####.#o#oog#o#...........
#.#.#.#Tg@ooo8#....#......
......#########........#..
..#.......................
#....#....##............
##........(..)(#.........
#...#......##)##...#.#.#.
#...#..........##.#####..
##.##.........##### ##.
#...#......#.## ###..


You could see 3 orange crystal statues, a troll, 4 orc warriors, 2 orc priests,
an orc wizard, 4 gnolls and 8 orcs.

Notes
Turn   | Place    | Note
-------+----------+-------------------------------------------
     0 | D:1      | theanonym the Minotaur Monk began the quest for the Orb.
     0 | D:1      | Reached XP level 1. HP: 19/19 MP: 0/0
   116 | D:1      | Reached skill level 4 in Long Blades
   213 | D:1      | Reached XP level 2. HP: 18/27 MP: 1/1
   411 | D:1      | Reached skill level 4 in Fighting
   888 | D:1      | beem: 8022831 games for win: 4702592x, 270723x very slightly contaminated, 109719x mildly poisoned, 99012x mighty, 84039x non-regenerating, 74932x slowed, 64975x berserking, 62641x about to teleport, 56893x drained, 55949x confused, 54845x lethally poisoned, 47132x rotting, 41984x exhausted,slowed, 41145x flying, 38208x appendage, 36565x repel missiles, 36227x paralysed, 35176x agile, 34043x appendage...
   888 | D:1      | beem: 129 games for theanonym (!win): 37x, 8x very slightly contaminated, 4x agile, 3x mighty, 3x divine energy, 3x berserking, 2x berserk cooldown,regenerating,slowed, 2x brilliant, 2x about to teleport, agile,lethally poisoned (0 -> 0),about to teleport, agile,flying,rotting,hasted, lethally poisoned (-15 -> -15),can't hop,very slightly contaminated,divine energy, berserk cooldown,slowed,repel missi...
   889 | D:2      | Found a sacrificial altar of Ru.
   908 | D:2      | Reached XP level 3. HP: 30/33 MP: 2/2
  1116 | D:2      | Reached skill level 5 in Long Blades
  1116 | D:2      | Reached XP level 4. HP: 32/41 MP: 3/3
  1226 | D:2      | Found a burning altar of Makhleb.
  1339 | D:2      | Found an opulent altar of Gozag.
  1376 | D:2      | Reached skill level 6 in Long Blades
  1630 | D:3      | Found a glowing drain.
  1642 | D:3      | Reached XP level 5. HP: 27/47 MP: 4/4
  1650 | D:3      | Reached skill level 5 in Fighting
  1668 | Sewer    | Entered a sewer
  1676 | Sewer    | HP: 23/48 [river rat (3)]
  1950 | Sewer    | Found a white marble altar of Elyvilon.
  2240 | D:3      | Reached skill level 7 in Long Blades
  2372 | D:3      | Reached XP level 6. HP: 54/56 MP: 5/5
  2597 | D:3      | Found a snail-covered altar of Cheibriados.
  3340 | D:4      | Found a snail-covered altar of Cheibriados.
  3436 | D:4      | HP: 16/57 [orc/short sword of electrocution (15)]
  3920 | D:4      | Found a staircase to the Ecumenical Temple.
  3930 | Temple   | Entered the Ecumenical Temple
  4119 | D:5      | Entered Level 5 of the Dungeon
  4123 | D:5      | Reached skill level 6 in Fighting
  4134 | D:4      | Reached skill level 8 in Long Blades
  4369 | D:5      | Reached XP level 7. HP: 56/63 MP: 6/6
  4532 | D:5      | Reached skill level 9 in Long Blades
  4773 | D:5      | Reached skill level 7 in Fighting
  5079 | D:5      | HP: 31/66 [water moccasin (7)]
  5082 | D:5      | Reached XP level 8. HP: 32/73 MP: 7/7
  5084 | D:5      | HP: 30/73 [poisoned by a water moccasin]
  5089 | D:5      | HP: 27/73 [poisoned by a water moccasin]
  5095 | D:5      | HP: 25/73 [poisoned by a water moccasin]
  5103 | D:5      | HP: 24/73 [poisoned by a water moccasin]
  5111 | D:5      | HP: 24/73 [poisoned by a water moccasin]
  5368 | D:5      | Found Labbaat's Magic Scroll Shop.
  5374 | D:5      | Bought a scroll of magic mapping for 38 gold pieces
  5374 | D:5      | Bought a scroll of identify for 22 gold pieces
  5374 | D:5      | Bought a scroll of identify for 22 gold pieces
  5374 | D:5      | Bought a scroll of fog for 22 gold pieces
  5530 | D:6      | HP: 31/73 [bullfrog (9)]
  5532 | D:6      | Reached skill level 10 in Long Blades
  5535 | D:6      | HP: 17/73 [acid (5)]
  5823 | D:6      | Found a hide-covered altar of Uskayaw.
  5824 | D:6      | Noticed a hand axe
  5824 | D:6      | Noticed a hand axe
  5947 | D:6      | Found a sparkling altar of Nemelex Xobeh.
  5965 | D:6      | Reached skill level 8 in Fighting
  6049 | D:6      | Noticed Duvessa
  6050 | D:6      | Noticed Dowan
  6274 | D:6      | Found a stormy altar of Qazlal.
  6301 | D:6      | Reached skill level 11 in Long Blades
  6308 | D:6      | Killed Duvessa
  6318 | D:6      | Killed Dowan
  6364 | D:6      | Found Urocoupt's Book Shop.
  6582 | D:6      | Reached skill level 1 in Shields
  6650 | D:6      | Reached skill level 2 in Shields
  6662 | D:6      | Reached skill level 3 in Shields
  6730 | D:5      | Reached skill level 4 in Shields
  6730 | D:5      | Reached XP level 9. HP: 48/82 MP: 8/8
  7294 | D:6      | Reached skill level 9 in Fighting
  7602 | D:7      | Found an iron altar of Okawaru.
  7621 | D:7      | Found a flagged portal.
  7652 | Bailey   | Entered a bailey
  7680 | Bailey   | HP: 40/83 [orc warrior/halberd (8)]
  7685 | Bailey   | HP: 32/83 [orc warrior/halberd (9)]
  7690 | Bailey   | HP: 28/83 [orc warrior/halberd (5)]
  7695 | Bailey   | HP: 4/83 [orc warrior/halberd (18)]
  8055 | Bailey   | Reached skill level 12 in Long Blades
  8431 | Bailey   | Noticed an orc knight
  8702 | Bailey   | HP: 6/84 [orc warrior/enchanted glaive (37)]
  8927 | Bailey   | Got crude steam dragon scales
  8938 | Bailey   | Identified the +4 steam dragon scales of the Lonely Eyes {rElec Int+3 Dex+2} (You found it in a bailey)
  9127 | Bailey   | HP: 36/84 [orc warrior/trident (25)]
  9370 | D:7      | HP: 37/84 [hornet (12)]
  9376 | D:7      | HP: 33/85 [poisoned by a hornet]
  9383 | D:7      | HP: 32/85 [poisoned by a hornet]
  9391 | D:7      | HP: 32/85 [poisoned by a hornet]
  9731 | D:7      | Noticed Joseph
  9832 | D:7      | Killed Joseph
  9832 | D:7      | Reached skill level 10 in Fighting
  9832 | D:7      | Reached skill level 13 in Long Blades
  9889 | D:7      | Noticed Autsider's ghost (novice CeHu)
  9922 | D:7      | Killed Autsider's ghost
  9922 | D:7      | Reached XP level 10. HP: 88/93 MP: 9/9
 10978 | D:8      | Found a glowing golden altar of the Shining One.
 11048 | D:8      | Reached skill level 14 in Long Blades
 11213 | D:8      | Reached skill level 5 in Shields
 11425 | D:9      | Found a radiant altar of Vehumet.
 11477 | D:9      | Found a glowing silver altar of Zin.
 11480 | D:9      | Became a worshipper of Zin the Law-Giver
 11480 | D:9      | Reached * piety under Zin
 11480 | D:9      | Reached ** piety under Zin
 11480 | D:9      | Reached *** piety under Zin
 11602 | D:9      | Reached skill level 1 in Invocations
 11606 | D:9      | Reached skill level 1 in Armour
 11622 | D:9      | Reached skill level 2 in Invocations
 11629 | D:9      | Reached skill level 11 in Fighting
 11636 | D:9      | HP: 41/95 [orc warrior/morningstar (17)]
 11638 | D:9      | Reached skill level 2 in Armour
 11653 | D:9      | HP: 35/95 [orc priest/nerve-wracking pain (10)]
 12067 | D:9      | Reached skill level 4 in Dodging
 12101 | D:9      | Reached skill level 3 in Invocations
 12295 | D:9      | Reached skill level 6 in Shields
 12326 | D:9      | Reached skill level 3 in Armour
 12486 | D:9      | Noticed Prince Ribbit
 12492 | D:9      | Killed Prince Ribbit
 12614 | D:9      | Reached skill level 4 in Invocations
 12614 | D:9      | Reached XP level 11. HP: 92/102 MP: 11/13
 13218 | D:10     | Entered Level 10 of the Dungeon
 13250 | D:10     | Noticed Grum
 13273 | D:10     | Killed Grum
 13509 | D:10     | Reached skill level 5 in Dodging
 13519 | D:10     | Reached skill level 4 in Armour
 13523 | D:10     | Reached skill level 5 in Invocations
 13549 | D:10     | Reached skill level 7 in Shields
 13743 | D:10     | Noticed Erolcha
 13747 | D:10     | Killed Erolcha
 13952 | D:11     | Reached skill level 5 in Armour
 13952 | D:11     | Reached skill level 6 in Invocations
 13981 | D:11     | Noticed a two-headed ogre
 13993 | D:11     | Killed a two-headed ogre
 13993 | D:11     | Reached skill level 6 in Dodging
 14026 | D:11     | Noticed a two-headed ogre
 14029 | D:11     | Noticed a two-headed ogre
 14031 | D:11     | Killed a two-headed ogre
 14038 | D:11     | HP: 49/104 [two-headed ogre/giant club (15)]
 14042 | D:11     | Killed a two-headed ogre
 14042 | D:11     | Reached skill level 12 in Fighting
 14319 | D:11     | Noticed a two-headed ogre
 14323 | D:11     | Noticed Erica
 14329 | D:11     | Killed a two-headed ogre
 14329 | D:11     | Reached skill level 8 in Shields
 14329 | D:11     | Reached skill level 7 in Invocations
 14335 | D:11     | Reached XP level 12. HP: 95/112 MP: 14/16
 14349 | D:11     | Killed Erica
 14349 | D:11     | Reached skill level 6 in Armour
 14502 | D:11     | Noticed a two-headed ogre
 14511 | D:11     | Killed a two-headed ogre
 14599 | D:11     | Found a large runed door.
 14599 | D:11     | Found a large runed door.
 14633 | D:11     | Found a staircase to the Lair.
 14732 | D:11     | Found a staircase to the Orcish Mines.
 14735 | D:11     | Found Bihetzi's Armour Shoppe.
 14744 | D:11     | Reached **** piety under Zin
 14875 | D:11     | Noticed Josephine
 14882 | D:11     | Killed Josephine
 14882 | D:11     | Reached skill level 7 in Dodging
 15085 | D:11     | Reached ***** piety under Zin
 15146 | D:11     | Reached skill level 8 in Invocations
 15610 | Orc:1    | Entered Level 1 of the Orcish Mines
 15613 | Orc:1    | Found a runed door.
 15894 | Orc:1    | Found the +10 large shield of Ignorance {rN+ Int-4}
 15921 | Orc:1    | Found a runed door.
 16108 | Orc:1    | Lost intelligence.
 16128 | Orc:1    | Reached skill level 7 in Armour
 16132 | Orc:1    | HP: 53/113 [orc priest/divine providence[an orange crystal statue] (9)]
 16137 | Orc:1    | HP: 51/113 [orc priest/divine providence[an orange crystal statue] (15)]
 16142 | Orc:1    | HP: 43/113 [orc warrior/short sword of venom[an orange crystal statue] (3)]
 16143 | Orc:1    | HP: 20/113 [orc warrior/scimitar of holy wrath[an orange crystal statue] (17)]
 16148 | Orc:1    | HP: 29/113 [orc warrior/short sword of venom[an orange crystal statue] (9)]
 16148 | Orc:1    | HP: 14/113 [orc priest/divine providence[an orange crystal statue] (15)]
 16152 | Orc:1    | Zin protects you from harm!
 16154 | Orc:1    | Zin protects you from harm!
 16154 | Orc:1    | Killed from afar by an orc priest

Vanquished Creatures
  Josephine (D:11)
  Erolcha (D:10)
  Erica (D:11)
  5 two-headed ogres (D:11)
  An orange crystal statue (Orc:1)
  The ghost of Autsider the Shooter, a novice CeHu of Okawaru (D:7)
  A cyclops (Orc:1)
  Joseph (D:7)
  2 trolls (D:11)
  A merfolk (D:9)
  A hornet (D:7)
  Prince Ribbit (D:9)
  24 yaks
  An air elemental (D:11)
  A wyvern (D:6)
  4 wraiths (D:11)
  A water elemental (D:11)
  A fire elemental (D:11)
  Grum (D:10)
  4 water moccasins
  Duvessa (D:6)
  3 acid dragons
  11 orc warriors
  A phantom (D:5)
  2 sky beasts
  2 ice beasts
  A necrophage (D:9)
  A black bear (D:11)
  6 ogres
  6 centaurs
  3 wolves (D:10)
  3 big kobolds
  A crocodile (D:11)
  8 bullfrogs
  Dowan (D:6)
  An earth elemental (D:11)
  A scorpion (D:11)
  10 wights
  A howler monkey (D:5)
  10 crimson imps
  2 bullfrog zombies (D:11)
  5 jellies
  A quasit (D:9)
  7 hounds
  4 centaur skeletons
  13 orc priests
  17 orc wizards
  6 iguanas
  8 worker ants
  2 human simulacra (D:9)
  2 hound zombies
  A worker ant zombie (D:7)
  2 howler monkey skeletons (D:5)
  10 adders
  2 river rats (Sewer)
  3 shadow imps
  An adder zombie (D:3)
  3 worms
  3 dart slugs
  8 leopard geckos
  63 orcs
  3 bats
  4 giant cockroaches
  9 goblins
  10 hobgoblins
  6 jackals
  25 kobolds
  7 quokkas
  A frilled lizard (D:1)
  A quokka zombie (D:5)
  8 rats
364 creatures vanquished.

Vanquished Creatures (others)
  A hound (D:9)
  An orc (D:11)
2 creatures vanquished.

Grand Total: 366 creatures vanquished
